 Dungeon Crawl Stone Soup version 0.20-a0-222-gb69ddcd (webtiles) character file.

303 KristoblXynda the Sneak (level 6, 0/36 HPs)
             Began as a Felid Air Elementalist on Nov 29, 2016.
             Killed by divine providence
             ... invoked by an orc priest
              (12 damage)
             ... on level 4 of the Dungeon.
             The game lasted 00:09:09 (4302 turns).

KristoblXynda the Sneak (Felid Air Elementalist)    Turns: 4302, Time: 00:09:09

Health: 0/36       AC: 23    Str:  5    XL:     6   Next: 15%
Magic:  17/21      EV:  4    Int: 17    God:
Gold:   62         SH:  0    Dex: 17    Spells: 11/12 levels left
                                        Lives:  0   Deaths: 1

rFire  . . .     SeeInvis +       - Unarmed
rCold  . . .     Gourm    .     (armour unavailable)
rNeg   + + +     Faith    .     (shield unavailable)
rPois  +         Spirit   .     (helmet unavailable)
rElec  .         Reflect  .     (cloak unavailable)
rCorr  +         Harm     .     (gloves unavailable)
MR     .....     NoTele   +     (boots unavailable)
Stlth  +++.......               (no amulet)
                                i - ring of resist corrosion
                                e - ring of magical power

@: tree-form, very slightly contaminated, slowed, very slow
A: no armour, no weapons or thrown items, stealth, (claws 0), (fangs 0), see
invisible, carnivore 3, (speed 0), (shaggy fur 0), slow metabolism 1, (sharp
paws)
a: no special abilities


You were on level 4 of the Dungeon.
You were not hungry.
You were a tree.
You visited 1 branch of the dungeon, and saw 4 of its levels.

You collected 62 gold pieces.

Inventory:

Jewellery
 e - a ring of magical power (left branch)
 i - a ring of resist corrosion (right branch)
Wands
 m - a wand of iceblast (0/15)
Scrolls
 c - a scroll of identify
 d - a scroll of enchant armour {unknown}
 f - a scroll of enchant weapon {unknown}
Potions
 g - 2 potions of curing
Books
 a - a book of Air

   Spells                             Type                      Level
   a - Shock                          Conjuration/Air              1
   b - Swiftness                      Charms/Air                   2
   c - Repel Missiles                 Charms/Air                   2
   d - Static Discharge               Conjuration/Air              3
   e - Lightning Bolt                 Conjuration/Air              5
Comestibles
 b - 3 meat rations


   Skills:
 - Level 2.6 Dodging
 + Level 5.8 Stealth
 - Level 1.0 Unarmed Combat
 + Level 3.7 Spellcasting
 - Level 2.0 Conjurations
 + Level 4.1 Air Magic
 + Level 1.8 Evocations


You had 11 spell levels left.
You knew the following spells:

 Your Spells              Type           Power        Failure   Level  Hunger
a - Shock                 Conj/Air       ##..         4%          1    None


Dungeon Overview and Level Annotations

Branches:
Dungeon (4/15)
 Temple: D:4-7

Altars:


Innate Abilities, Weirdness & Mutations

You cannot wear armour.
You are incapable of wielding weapons or throwing items.
Your paws allow you to move quietly. (Stealth)
((You have sharp claws.))
((You have razor-sharp teeth.))
You have supernaturally acute eyesight. (SInv)
You are carnivorous and can eat meat at any time.
((You cover ground quickly.))
((You are covered in thick fur. (AC +2)))
You have a slow metabolism.
((Your sharp claws are effective at attacking unaware monsters.))


Message History

The orc priest looks encouraged for a moment.
The orc priest looks braver for a moment.
Evoke which item? (* to show all) (? for menu, Esc to quit)
Zapping:
m - a wand of iceblast (?/15) {zapped: 6} (will waste charges)
Press: ? - help, Shift-Dir - straight line, f - orc priest
Aim: an orc priest, wielding a dagger The mass of ice explodes!
The iceblast engulfs the orc priest.
The orc priest is heavily wounded.
Evoking this partially-identified wand wasted a few charges.
You turn into a tree.
Your roots penetrate the ground.
Casting: Shock
Confirm with . or Enter, or press ? or * to list all spells.
Aiming: Shock
Press: ? - help, Shift-Dir - straight line, f/p - orc priest
Aim: an orc priest, wielding a dagger (heavily wounded)
The zap misses the orc priest.
The orc priest shouts!
The orc priest mumbles some strange prayers to Beogh against you.
Beogh smites you!
You die...

########.# #..
#######'### ###
..........#
..........#
..........#
..........#
#######'###
########.#
#....o.♣.#
#o######## #.#
#.# #.# #.#
#o######## #+#
#....).oo# #...
########.######
#.. .


You could see 2 orc priests.

Vanquished Creatures
  An ogre (D:4)
  A hound (D:4)
  2 orc priests
  An orc wizard (D:4)
  8 gnolls
  6 adders
  2 oozes
  A worm (D:3)
  3 dart slugs (D:1)
  8 orcs
  10 bats
  A giant cockroach (D:4)
  9 goblins
  3 hobgoblins
  5 jackals
  4 kobolds
  4 quokkas (D:4)
  2 frilled lizards
  6 rats
77 creatures vanquished.

Notes
Turn   | Place    | Note
-------+----------+-------------------------------------------
     0 | D:1      | KristoblXynda the Felid Air Elementalist began the quest for the Orb.
     0 | D:1      | Reached XP level 1. HP: 7/7 MP: 4/4
   117 | D:1      | Reached skill level 3 in Stealth
   117 | D:1      | Reached skill level 1 in Conjurations
   117 | D:1      | Reached XP level 2. HP: 11/11 MP: 0/6
   501 | D:1      | Reached XP level 3. HP: 14/14 MP: 5/7
  1214 | D:2      | Reached XP level 4. HP: 18/18 MP: 6/9
  1371 | D:2      | Reached skill level 4 in Stealth
  2751 | D:3      | Reached XP level 5. HP: 7/21 MP: 10/10
  3267 | D:4      | Reached skill level 1 in Unarmed Combat
  3651 | D:4      | Reached skill level 5 in Stealth
  3940 | D:4      | Slain by a hound
  3941 | D:4      | Reached XP level 4. HP: 0/18 MP: 11/19
  3971 | D:4      | Noticed an ogre
  3982 | D:4      | Killed an ogre
  3982 | D:4      | Reached skill level 1 in Evocations
  3982 | D:4      | Reached XP level 5. HP: 21/21 MP: 11/11
  4137 | D:4      | Gained mutation: You are covered in thick fur. (AC +2) [Felid growth]
  4137 | D:4      | Reached XP level 6. HP: 17/24 MP: 12/12
  4302 | D:4      | Killed from afar by an orc priest

Vault maps used:
D:1:      dpeg_arrival_rooms_b
D:3:      first_bread
D:4:      dk_noncrumbling_3

Skill      XL: |  1  2  3  4  5 |
---------------+----------------+-----
Stealth        | 3 4 5 |  5.8
Conjurations   | 1 2 |  2.0
Air Magic      | 3 4 |  4.1
Spellcasting   | 3 |  3.7
Unarmed Combat | 1 |  1.0
Evocations     | 1 |  1.8
Dodging        | |  2.6

Action                   |  1- 3 |  4- 6 || total
-------------------------+-------+-------++-------
Melee: Unarmed           |    41 |    52 ||    93
       Bite              |     2 |     4 ||     6
 Cast: Shock             |    52 |   164 ||   216
Evoke: Wand              |       |     4 ||     4
  Use: Potion            |       |     3 ||     3
       Scroll            |       |     7 ||     7
 Stab: Sleeping          |     2 |     1 ||     3
  Eat: Chunk             |     8 |     4 ||    12
Armor: Skin              |     6 |     2 ||     8
Dodge: Dodged            |    54 |    85 ||   139
